 Dungeon Crawl Stone Soup version 0.29-a0-88-g03a7b78be7 (webtiles) character file.

Game seed: 10144297904647180030

49 Grim the Ruffian (level 3, 0/28 HPs)
             Began as a Draconian Transmuter on Feb 5, 2022.
             Slain by a gnoll (4 damage)
             ... on level 2 of the Dungeon.
             The game lasted 00:01:34 (1142 turns).

Grim the Ruffian (Draconian Transmuter)             Turns: 1142, Time: 00:01:35

Health: 0/28       AC:  5    Str: 12    XL:     3   Next: 53%
Magic:  2/6        EV: 12    Int: 15    God:
Gold:   94         SH:  0    Dex: 11    Spells: 3/6 levels left

rFire   . . .      SeeInvis .     - Unarmed
rCold   . . .      Faith    .   (no shield)
rNeg    . . .      Spirit   .   (armour unavailable)
rPois   .          Reflect  .   (helmet currently unavailable)
rElec   .          Harm     .   (no cloak)
rCorr   .          Rampage  .   (no gloves)
Will    .....                   (boots currently unavailable)
Stlth   +.........              (no amulet)
HPRegen 0.09/turn               (no ring)
MPRegen 0.10/turn               (no ring)

@: appendages (expiring), wereblooded
A: horns 2, talons 2, AC +5, unfitting armour, cold-blooded
a: End Transformation


You were on level 2 of the Dungeon.
You had temporarily grown beastly horns and talons.
You visited 1 branch of the dungeon, and saw 2 of its levels.

You collected 94 gold pieces.

Inventory:

Scrolls
 b - 2 scrolls of teleportation {unknown}
Potions
 a - a potion of resistance {unknown}
 c - 2 potions of heal wounds {unknown}
 d - a potion of haste {unknown}


   Skills:
 - Level 1.1 Fighting
 - Level 1.7 Dodging
 + Level 3.9 Unarmed Combat
 - Level 2.0 Spellcasting
 + Level 3.1 Transmutations


You had 3 spell levels left.
You knew the following spells:

 Your Spells              Type           Power      Damage    Failure   Level
a - Beastly Appendage     Tmut           20%        N/A       6%          1
b - Wereblood             Tmut           10%        N/A       10%         2

Your spell library contained the following spells:

 Spells                   Type           Power      Damage    Failure   Level
 Spider Form              Tmut/Pois      6%         N/A       34%         3
 Ice Form                 Ice/Tmut       6%         N/A       75%         4


Dungeon Overview and Level Annotations

Branches:
Dungeon (2/15)

Altars:


Innate Abilities, Weirdness & Mutations

You have temporarily grown beastly horns and talons.
Your plain brown scales are hard. (AC +5)
You cannot fit into any form of body armour.
You are cold-blooded and may be slowed by cold attacks.


Message History

Nothing appears to happen.
The gnoll shouts!
Casting: Wereblood (safe; 10% risk of failure)
Confirm with . or Enter, or press ? or * to list all spells.
You grow a pair of large bovine horns.
Your feet morph into talons.
Casting: Beastly Appendage (safe; 6% risk of failure)
Confirm with . or Enter, or press ? or * to list all spells.
Your blood is infused with primal strength.
The gnoll shouts!
The gnoll hits you with a +0 spear. The gnoll blocks your attack.
Your headbutt misses the gnoll.
Your tail-slap misses the gnoll.
The gnoll misses you. The gnoll blocks your attack.
Your kick misses the gnoll. Your headbutt misses the gnoll.
The gnoll barely misses you.
Your magical contamination has completely faded away.
The gnoll blocks your attack. x2
You tail-slap the gnoll, but do no damage.
The gnoll closely misses you.
The gnoll hits you from afar with a +0 halberd!
* * * LOW HITPOINT WARNING * * *
The gnoll blocks your attack.
You claw the gnoll. The gnoll blocks your attack.
The gnoll is moderately wounded.
Your transformation is almost over.
The gnoll hits you with a +0 spear.
* * * LOW HITPOINT WARNING * * *
The gnoll closely misses you.
You hit the gnoll. The gnoll blocks your attack.
Your headbutt misses the gnoll.
The gnoll is moderately wounded.
The gnoll hits you but does no damage. The gnoll completely misses you.
The gnoll blocks your attack.
The gnoll is moderately wounded.
The gnoll completely misses you. The gnoll misses you.
You hit the gnoll. The gnoll blocks your attack.
Your tail-slap misses the gnoll.
You punch the gnoll, but do no damage.
The gnoll is heavily wounded.
The gnoll hits you from afar with a +0 halberd.
* * * LOW HITPOINT WARNING * * *
The gnoll closely misses you. The gnoll hits you with a +0 spear.
You die...

...#...#########
g...#..........#
#......)......#
##.............#
...............#
##.............#
#......g......#
#......gg.#####
### #....#.#@.#
...##....#.#.##
.......#.#.#
#.....#.#.#
#.....#...#
#.....#..##
#..)..#..#
##....#.##
###....#


You could see 3 gnolls.

Vanquished Creatures
  3 adders (D:2)
  A dart slug (D:1)
  A ball python (D:1)
  3 bats (D:1)
  2 endoplasms
  2 giant cockroaches
  2 hobgoblins (D:1)
  A quokka (D:1)
  2 goblins (D:1)
  2 kobolds
  2 rats (D:1)
21 creatures vanquished.

Notes
Turn   | Place    | Note
-------+----------+-------------------------------------------
     0 | D:1      | Grim the Draconian Transmuter began the quest for the Orb.
     0 | D:1      | Reached XP level 1. HP: 16/16 MP: 3/3
   232 | D:1      | Reached XP level 2. HP: 22/23 MP: 3/5
   861 | D:1      | Learned a level 2 spell: Wereblood
   927 | D:2      | Reached XP level 3. HP: 28/28 MP: 2/6
   988 | D:2      | Identified the +6 tower shield of the Salamander {Str+4}
  1142 | D:2      | Slain by a gnoll

Illustrated notes

Levels and vault maps discovered:
D:1:      dpeg_arrival_short_road, layout_rooms
D:2:      layout_rooms

Skill      XL: |  1  2  3 |
---------------+----------+-----
Transmutations | 3 |  3.1
Fighting       | |  1.1
Dodging        | |  1.7
Unarmed Combat | |  3.9
Spellcasting   | |  2.0

Action                   || total
-------------------------++-------
Melee: Unarmed           ||    64
       Kick              ||    10
       Headbutt          ||     5
       Tailslap          ||     2
       Punch             ||     1
 Cast: Beastly Appendage ||    17
       Wereblood         ||     2
Armor: Skin              ||    20
Dodge: Dodged            ||    56

Table legend: (Time is in decaauts)
 A = Elapsed time spent in this place.
 B = Non-inter-level travel time spent in this place.
 C = Inter-level travel time spent in this place.
 D = Time resting spent in this place.
 E = Time spent auto-exploring this place.
 F = Levels seen in this place.
 G = Mean time per level.
                   A        B        C        D        E       F      G
               +--------+--------+--------+--------+--------+-----+--------+
         Total |   1138 |   1079 |     59 |    386 |    503 |   2 |  569.0 |
       Dungeon |   1138 |   1079 |     59 |    386 |    503 |   2 |  569.0 |
               +--------+--------+--------+--------+--------+-----+--------+

Top non-repeatable levels by time:
     D:1: 842 daAuts
     D:2: 296 daAuts
